 Dungeon Crawl Stone Soup version 0.24-a0-130-ga3c21ff (console) character file.

Game seed: 883679067432284455

268 Duffy the Chopper (level 6, 0/52 HPs)
             Began as a Naga Gladiator on Feb 26, 2019.
             Slain by a frilled lizard (1 damage)
             ... on level 2 of the Dungeon.
             The game lasted 00:02:04 (2502 turns).

Duffy the Chopper (Naga Gladiator)                  Turns: 2502, Time: 00:02:05

Health: 0/52       AC:  5    Str: 16    XL:     6   Next: 21%
Magic:  6/6        EV:  6    Int: 11    God:
Gold:   66         SH:  0    Dex: 12    Spells: 5/5 levels left

rFire    . . .     SeeInvis +   a - +0 war axe
rCold    . . .     Gourm    .   (no shield)
rNeg     . . .     Faith    .   h - +0 ring mail
rPois    +         Spirit   .   c - +0 helmet
rElec    .         Reflect  .   (no cloak)
rCorr    .         Harm     .   (no gloves)
MR       .....                  (no barding)
Stlth    +.........             (no amulet)
HPRegen  0.17/turn              b - -3 ring of evasion (curse)
MPRegen  0.10/turn              k - ring of flight

@: very slow
A: large, see invisible, deformed body, poison resistance, slowness 2, slow
metabolism 1, spit poison 1, AC +2
a: Spit Poison, Evoke Flight


You were on level 2 of the Dungeon.
You were not hungry.

You visited 1 branch of the dungeon, and saw 2 of its levels.

You collected 66 gold pieces.

Inventory:

Hand Weapons
 a - a +0 war axe (weapon)
Missiles
 d - 2 throwing nets (quivered)
Armour
 c - a +0 helmet (worn)
 h - a +0 ring mail (worn)
Jewellery
 b - a cursed -3 ring of evasion (left hand)
 k - a ring of flight (right hand)
Scrolls
 m - a scroll of identify
Potions
 e - 2 potions of heal wounds
 g - a potion of agility
 i - a potion of ambrosia {unknown}
 j - a potion of cancellation {unknown}
Comestibles
 f - 3 rations


   Skills:
 - Level 2.0 Fighting
 + Level 6.8 Axes
 - Level 1.7 Throwing
 - Level 2.4 Dodging


You had 5 spell levels left.
You didn't know any spells.
Your spell library was empty.

Dungeon Overview and Level Annotations

Branches:
Dungeon (2/15)

Altars:
Makhleb


Innate Abilities, Weirdness & Mutations

You cannot wear boots.
Your serpentine skin is tough. (AC +2)
You have supernaturally acute eyesight. (SInv)
Armour fits poorly on your strangely shaped body.
Your system is resistant to poisons. (rPois)
You cover ground very slowly.
You have a slow metabolism.
You can spit poison.


Message History

You closely miss the frilled lizard.
The leopard gecko bites you but does no damage.
The frilled lizard closely misses you.
You barely miss the leopard gecko.
The leopard gecko is severely wounded.
Your ring mail prevents you from hitting the frilled lizard.
The leopard gecko completely misses you.
The frilled lizard bites you but does no damage.
The leopard gecko barely misses you.
You miss the frilled lizard. You closely miss the leopard gecko.
The frilled lizard bites you but does no damage.
The leopard gecko bites you.
The frilled lizard bites you but does no damage.
You closely miss the frilled lizard. You slash the leopard gecko!
You kill the leopard gecko!
The frilled lizard bites you but does no damage.
You barely miss the frilled lizard.
The frilled lizard completely misses you.
You closely miss the frilled lizard. The frilled lizard bites you.
You die...

#.####.### #.#.# #
#.# # #.#.# .# #.# #
#.#.##.# #.#
#......# #.#
###....(.# #.#
........###. #.#
###)..(.# #.. #.###
#)l@%...# #.# #....
#....%#)#.### #.#
####. ##?#$##.#.#
#.# #. .. ## ..#.#
#.# #. #.# ##.#.#
#.# ######. .
#.#.#####.###......
..#...........####.
##########..........
...........########.


You could see a frilled lizard.

Vanquished Creatures
  Sigmund (D:2)
  4 adders (D:2)
  An ooze (D:2)
  3 dart slugs
  2 leopard geckos
  6 bats
  A giant cockroach (D:2)
  9 goblins
  6 hobgoblins
  10 jackals
  A ball python (D:2)
  2 frilled lizards
  7 kobolds
  10 rats
63 creatures vanquished.

Notes
Turn   | Place    | Note
-------+----------+-------------------------------------------
     0 | D:1      | Duffy the Naga Gladiator began the quest for the Orb.
     0 | D:1      | Reached XP level 1. HP: 19/19 MP: 1/1
   167 | D:1      | Reached XP level 2. HP: 25/26 MP: 2/2
   469 | D:1      | Reached skill level 4 in Axes
   492 | D:1      | Reached XP level 3. HP: 29/32 MP: 3/3
  1511 | D:2      | Reached XP level 4. HP: 28/39 MP: 4/4
  1576 | D:2      | Reached skill level 5 in Axes
  2067 | D:2      | Found a burning altar of Makhleb.
  2067 | D:2      | Noticed a cacodemon
  2070 | D:2      | Noticed a ynoxinul
  2070 | D:2      | Noticed a hellwing
  2479 | D:2      | Noticed Sigmund
  2493 | D:2      | Killed Sigmund
  2493 | D:2      | Reached skill level 6 in Axes
  2493 | D:2      | Reached XP level 5. HP: 4/45 MP: 5/5
  2493 | D:2      | Reached XP level 6. HP: 4/52 MP: 6/6
  2496 | D:2      | HP: 1/52 [leopard gecko (4)]
  2502 | D:2      | Slain by a frilled lizard

Levels and vault maps discovered:
D:1:      dpeg_arrival_round_c, layout_loops_ring
D:2:      layout_loops_ring, makhleb_altar_promises_db, first_ration,
          minmay_tall_x, uniq_sigmund

Skill      XL: |  1  2  3  4 |
---------------+-------------+-----
Axes           | 4 6 |  6.8
Fighting       | |  2.0
Throwing       | |  1.7
Dodging        | |  2.4

Action                   |  1- 3 |  4- 6 || total
-------------------------+-------+-------++-------
Melee: War axe           |    97 |    87 ||   184
Throw: Throwing net      |       |     1 ||     1
 Abil: Spit Poison       |     1 |     5 ||     6
  Use: Scroll            |     2 |     1 ||     3
 Stab: Held in net/web   |       |     1 ||     1
  Eat: Chunk             |     1 |     3 ||     4
Armor: Leather armour    |     1 |       ||     1
       Ring mail         |    59 |    52 ||   111
Dodge: Dodged            |    56 |    32 ||    88

Table legend:
 A = Non-vault XP
 B = Vault XP
 C = Vault XP percentage of total XP
 D = Non-vault monster count
 E = Vault monster count
 F = Vault count percentage of total count
                 A         B        C        D         E       F
            +---------+---------+-------+---------+---------+-------
      Total |     157 |     227 |  59.1 |      59 |       4 |   6.3
            +---------+---------+-------+---------+---------+-------
        D:1 |      56 |       0 |   0.0 |      32 |       0 |   0.0
        D:2 |     101 |     227 |  69.2 |      27 |       4 |  12.9
            +---------+---------+-------+---------+---------+-------
